 Dungeon Crawl Stone Soup version 0.29.1-1-gd02db6906a (webtiles) character file.

Game seed: 16957036601867686368

143 Iusername the Covered (level 5, 0/46 HPs)
             Began as a Minotaur Fighter on Sept 15, 2022.
             Slain by a gnoll
             ... wielding a +0 spear
              (2 damage)
             ... on level 4 of the Dungeon.
             The game lasted 00:03:50 (2439 turns).

Iusername the Covered (Minotaur Fighter)            Turns: 2439, Time: 00:03:50

Health: 0/46       AC:  7    Str: 21    XL:     5   Next: 4%
Magic:  4/4        EV:  5    Int:  5    God:
Gold:   36         SH:  0    Dex: 11    Spells: 4/4 levels left

rFire   . . .      SeeInvis .   a - +0 long sword
rCold   . . .      Faith    .   c - +0 buckler
rNeg    . . .      Spirit   .   b - +0 scale mail
rPois   .          Reflect  .   (helmet restricted)
rElec   .          Harm     .   (no cloak)
rCorr   .          Rampage  .   (no gloves)
Will    .....                   (no boots)
Stlth   ..........              (no amulet)
HPRegen 0.15/turn               (no ring)
MPRegen 0.09/turn               (no ring)

@: mighty, held
A: horns 2, retaliatory headbutt
a: no special abilities


You were on level 4 of the Dungeon.
You visited 1 branch of the dungeon, and saw 4 of its levels.

You collected 36 gold pieces.

Inventory:

Hand Weapons
 a - a +0 long sword (weapon)
Missiles
 p - 10 javelins (quivered)
Armour
 b - a +0 scale mail (worn)
 c - a +0 buckler (worn)
Jewellery
 i - a ring of magical power
Scrolls
 f - a scroll of amnesia {unknown}
 g - 5 scrolls of identify {unknown}
 j - a scroll of silence {unknown}
 n - 2 scrolls of teleportation {unknown}
 o - a scroll of poison {unknown}
 q - a scroll of torment {unknown}
 r - 2 scrolls of vulnerability {unknown}
Potions
 e - a potion of flight {unknown}
 k - a potion of attraction {unknown}
 l - a potion of cancellation {unknown}
 m - 2 potions of heal wounds {unknown}
 s - a potion of resistance {unknown}


   Skills:
 + Level 4.3 Fighting
 + Level 3.5 Long Blades
 + Level 1.5 Throwing
 + Level 4.9 Armour
 + Level 0.5 Dodging
 + Level 0.1 Stealth
 + Level 4.2 Shields


You had 4 spell levels left.
You didn't know any spells.
Your spell library contained the following spells:

 Spells                   Type           Power      Damage    Failure   Level
 Shock                    Conj/Air       0%         1d3       88%         1
 Swiftness                Air            0%         N/A       99%         3
 Airstrike                Air            0%         2d(0-16)  100%        4


Dungeon Overview and Level Annotations

Branches:
Dungeon (4/15)
 Temple: D:4-7

Altars:
Ashenzari
Wu Jian


Innate Abilities, Weirdness & Mutations

You have a pair of horns on your head.
You reflexively headbutt those who attack you in melee.


Message History

You hit the orc. You headbutt the orc.
You kill the orc!
You block the gnoll's attack. The gnoll hits you with a +0 whip.
The gnoll hits you from afar with a +0 spear.
The gnoll hits you from afar with a +0 halberd!
The gnoll hits you from afar with a +0 spear.
Items here: ))) [[ †.
You slash the gnoll!
The gnoll is severely wounded.
The gnoll hits you from afar with a +0 halberd!
* * * LOW HITPOINT WARNING * * *
The gnoll hits you but does no damage. x2; The gnoll hits you with a +0 whip.
* * * LOW HITPOINT WARNING * * *
You slice the gnoll!!
You kill the gnoll!
You block the gnoll's attack.
The gnoll hits you from afar with a +0 spear.
* * * LOW HITPOINT WARNING * * *
The gnoll throws a throwing net.
The throwing net hits you.
You become entangled in the net!
You have reached level 5!
It was a potion of curing.
You feel better.
The gnoll hits you from afar with a +0 halberd.
* * * LOW HITPOINT WARNING * * *
The gnoll barely misses you. x2
You feel better.
The gnoll hits you from afar with a +0 halberd!
* * * LOW HITPOINT WARNING * * *
The gnoll hits you from afar with a +0 spear.
* * * LOW HITPOINT WARNING * * *
The gnoll barely misses you.
You struggle against the net.
The gnoll barely misses you. x2
The gnoll hits you from afar with a +0 spear.
* * * LOW HITPOINT WARNING * * *
You struggle against the net.
The gnoll hits you from afar with a +0 halberd.
* * * LOW HITPOINT WARNING * * *
The gnoll hits you from afar with a +0 spear.
You die... #......(.. #........ #....... #...... ..S?. ggg

#)# #@# #.# ##.##
###...## ##......#
#####.#....##########
.....................
#####.#.#.###########
##.##.#


You could see 3 gnolls and a ball python.

Vanquished Creatures
  An orc priest (D:4)
  4 gnolls
  2 adders (D:3)
  2 ufetubi (D:4)
  A worm (D:3)
  2 dart slugs
  3 orcs
  A bat (D:1)
  5 endoplasms
  A giant cockroach (D:1)
  3 hobgoblins
  6 kobolds
  2 quokkas (D:4)
  2 frilled lizards (D:3)
  2 goblins
  3 rats
40 creatures vanquished.

Notes
Turn   | Place    | Note
-------+----------+-------------------------------------------
     0 | D:1      | Iusername the Minotaur Fighter began the quest for the Orb.
     0 | D:1      | Reached XP level 1. HP: 19/19 MP: 0/0
   412 | D:1      | Reached XP level 2. HP: 27/27 MP: 1/1
   860 | D:2      | You fall into a shaft and drop 1 floor!
  1579 | D:3      | Reached XP level 3. HP: 33/33 MP: 2/2
  1841 | D:3      | Found a broken altar of Ashenzari.
  1925 | D:3      | Reached skill level 1 in Throwing
  1925 | D:3      | Reached XP level 4. HP: 32/40 MP: 3/3
  2400 | D:4      | Found an ornate altar of the Wu Jian Council.
  2435 | D:4      | HP: 1/40 [gnoll/+0 spear (3)]
  2436 | D:4      | Reached XP level 5. HP: 1/46 MP: 4/4
  2439 | D:4      | Slain by a gnoll

Illustrated notes

Levels and vault maps discovered:
D:1:      spicycebolla_arrival_clurvy, layout_loops_corners
D:2:      layout_basic, shapermc_ecumenical_altar_ellora, minmay_liquid_box,
          uniq_terence, uniq_sigmund
D:3:      layout_loops_ring, mainiacjoe_overflow_alcove_2, hex_large
D:4:      layout_loops_corners, nicolae_overflow_hallway_of_the_gods,
          amcnicky_altar_gilded, grunt_ministairs_9

Skill      XL: |  1  2  3 |
---------------+----------+-----
Armour         | 4 |  4.9
Fighting       | 4 |  4.3
Shields        | 4 |  4.2
Long Blades    | 3 |  3.5
Throwing       | 1 |  1.5
Dodging        | |  0.5
Stealth        | |  0.1

Action                   |  1- 3 |  4- 6 || total
-------------------------+-------+-------++-------
Melee: Long sword        |    68 |    14 ||    82
       Headbutt          |    11 |     6 ||    17
Throw: Javelin           |     9 |     7 ||    16
  Use: Potion            |       |     3 ||     3
Armor: Scale mail        |    29 |     6 ||    35
Dodge: Dodged            |    28 |    13 ||    41
Block: Buckler           |    20 |     2 ||    22
